← All builds
Tech / Armada / Economy first / OBSERVED BUILD

Standard tech

Armada Tech (Eco) build order · Supreme Isthmus

Rushes T2 by 4:15, gets Advanced Metal Extractor around 5:28, hands off T2 constructors to Geo and the team, then scales eco and supplies the team's T2 needs through the rest of the game.

Usually first T2 con to Geo (83%)

#eco #t2 #team support · 1574 distinct matches · 255 players · 58% of Armada Tech games · team won 53% of 1868 · Recently observed

HOW TO PLAY IT

Key timing: T2 factory by 4:15

  1. Open 3 mex and heavy wind to fund a fast T2 rush.
  2. Put down Bot Lab, planning to eat it for reclaim soon after.
  3. Get Advanced Bot Lab up, hitting the T2 factory rush timing.
  4. Upgrade mex to Advanced Metal Extractor to lock in team metal income.
  5. Eat Advanced Bot Lab and keep sending cons to Geo and Pond.

Phase by phase

TYPICAL OF ITS 1574 GAMES
  1. 1
  2. 2
  3. 3
  4. 4
PLAY THE OPENING

Follow the example game's first 6:00 step by step: what to build now, what comes next, and where it goes. At 1× it keeps pace with your own game.

  1. 1

    Up to the Bot Lab

    Economy
    • Metal Extractor3Mex
    • Wind Turbine4Wind
    Order
    1. Bot LabBot Lab after 3 mex, 4 winddone ~1:18, middle half 1:13–1:32

    Some games also: energy storage (31%)

    By 1:01 in all: 3 mex · 4 wind

    The example game in this phase · 5 steps
    1. Mex
    2. Wind
    3. Mex ×2
    4. Wind ×2
    5. Bot LabBot Labdone 1:11 · typical 1:18
  2. 2

    Bot Lab to Advanced Bot Lab

    Economy
    • Metal Extractor1Mex
    • Wind Turbine8Wind
    • Energy Storage1Energy storage
    Order
    1. Advanced Bot LabAdvanced Bot Lab after 4 mex, 12 wind, 3 con turretdone ~4:16, middle half 4:04–4:30
    Builders
    • Construction Turret3 Con turret
    • Lazarus3 Lazarus
    • Construction Bot2 Con bot
    • Construction Bot1 Con bot for allies

    Some games also: converter (36%)

    By 3:18 in all: 4 mex · 12 wind · 1 energy storage · 3 con turret

    The example game in this phase · 14 steps
    1. LazarusLazarus ×2
    2. Construction BotCon bot
    3. LazarusLazarus
    4. Wind ×3
    5. Construction BotCon botfor Air
    6. Mex
    7. LazarusLazarus
    8. Con turret
    9. Construction BotCon bot
    10. NettleNettle
    11. LazarusLazarus
    12. Con turret
    13. Construction BotCon bot
    14. Advanced Bot LabAdvanced Bot Labdone 4:34 · typical 4:16
  3. 3

    Advanced Bot Lab to 5:00

    Economy
    • Wind Turbine3Wind
    Order
    1. Bot LabEat Bot Lab
    Builders
    • Advanced Construction Bot1 T2 con bot for allies

    Some games also: converter (35%)

    By 5:00 in all: 4 mex · 15 wind · 1 converter · 1 energy storage · 3 con turret

    The example game in this phase · 8 steps
    1. Energy storage
    2. Bot LabEat Bot Labreclaimed for its metal
    3. Energy storage
    4. Wind ×3
    5. ButlerButler
    6. Advanced Construction BotT2 con botfor Geo
    7. NettleNettle
    8. Advanced Metal ExtractorT2 mexdone 6:06 · typical 5:29
  4. 4

    5:00 to 10:00

    Economy
    • Wind Turbine43Wind
    • Energy Converter6Converter
    Builders
    • Butler9 Butler
    • Advanced Construction Bot4 T2 con bot for allies
    • Advanced Construction Bot1 T2 con bot

    Some games also: con turret (43%) · Butler for allies (37%)

    By 10:00 in all: 4 mex · 58 wind · 8 converter · 1 energy storage · 3 con turret

    The example game in this phase · 142 steps
    1. Advanced Construction BotT2 con bot
    2. Advanced Construction BotT2 con botfor Air
    3. Converter ×2
    4. Advanced Construction BotT2 con botfor Pond
    5. Converter
    6. Advanced Metal ExtractorT2 mex ×2
    7. ButlerButler
    8. Advanced Metal ExtractorT2 mex
    9. ButlerButler
    10. ButlerButlerfor Geo sea
    11. ButlerButler ×2
    12. ButlerButlerfor Geo sea
    13. ButlerButler
    14. Wind ×4
    15. ButlerButler
    16. Wind ×9
    17. Advanced Construction BotT2 con botfor Beach sea
    18. Wind ×7
    19. Advanced Construction BotT2 con botfor Geo sea
    20. Wind
    21. Converter
    22. Wind ×6
    23. Advanced Construction BotT2 con botfor Suicide front
    24. Wind
    25. Converter
    26. Wind ×4
    27. Advanced Construction BotT2 con bot
    28. Wind
    29. Converter
    30. Wind ×5
    31. Converter
    32. Wind ×6
    33. Con turret
    34. Converter
    35. Wind ×4
    36. Converter
    37. Con turret
    38. Wind
    39. Con turret
    40. Wind ×4
    41. Converter
    42. Con turret
    43. Wind ×3
    44. Con turret
    45. Converter
    46. Wind ×3
    47. Metal storage
    48. Con turret
    49. Wind ×3
    50. Converter
    51. Fusion ReactorFusiondone 11:48
    52. Wind ×6
    53. Converter
    54. Wind ×3
    55. Converter
    56. Wind ×3
    57. Advanced Bot LabEat Advanced Bot Labreclaimed for its metal
    58. Wind ×3
    59. Converter
    60. Wind ×5
    61. Converter
    62. Wind ×4
    63. Fusion ReactorFusion
    64. Converter
    65. Wind ×3
    66. Con turret
    67. Wind ×2
    68. Converter
    69. Wind
    70. Con turret
    71. Wind ×3
    72. Converter
    73. T2 converter
    74. Wind ×5
    75. Con turret
    76. Wind
    77. Converter
    78. Wind ×3
    79. Con turret
    80. Converter
    81. Wind ×2
    82. Con turret
    83. Wind
    84. T2 converter
    85. Wind
    86. Con turret
    87. Wind ×2
    88. Converter
    89. Con turret
    90. Wind ×3
    91. Converter
    92. Wind ×2
    93. Con turret
    94. Wind ×2
    95. Converter
    96. CitadelAnti-nukedone 14:25
    97. Con turret
    98. Wind ×2
    99. Converter
    100. Con turret
    101. Wind ×2
    102. TracerTracer
    103. Wind ×2
    104. Converter
    105. Wind ×2
    106. Converter
    107. Wind ×2
    108. T2 converter
    109. Wind ×2
    110. Converter
    111. Wind ×2
    112. T2 converter
    113. Wind
    114. Converter
    115. Wind ×3
    116. Bot LabBot Labdone 14:26
    117. Converter
    118. Wind ×4
    119. Converter
    120. Bot LabBot Labdone 14:19
    121. Wind ×2
    122. GruntGrunt ×3
    123. Converter
    124. GruntGrunt ×2
    125. Wind ×2
    126. GruntGrunt ×7
    127. Wind
    128. GruntGrunt
    129. Metal storage
    130. Wind
    131. GruntGrunt ×2
    132. Converter
    133. GruntGrunt ×5
    134. Wind ×2
    135. GruntGrunt ×8
    136. Converter
    137. Wind ×2
    138. GruntGrunt ×7
    139. Wind ×2
    140. GruntGrunt ×3
    141. Converter
    142. GruntGrunt ×5

Counts are medians over the build's games: half of them build more, half fewer. The example game is KingSizeCondom's (35 OS, 15/08/2026); pick another.

Team trades

IN AT LEAST 30% OF ITS GAMES

You hand over

  • Construction Bot1 Con bot to Airfirst at 2:24 · in 84% of games
  • Advanced Construction Bot5 T2 con bot to Air or Geo sea or Pondfirst at 4:50 · in 99% of games
  • Butler2 Butler to Geo sea or Beach sea or Pondfirst at 9:07 · in 42% of games

You get

  • Hercules1 Light transport from Airfirst at 4:01 · in 86% of games

How it plays out

Typical game of this build, running totals by minute

Metal produced

020k40k
0:005:0010:0015:00

metal

Enemy metal destroyed

050100
0:005:0010:0015:00

metal

Own metal lost

050100150
0:005:0010:0015:00

metal

1868 games.

Show as table
ByMetal produced: This buildEnemy metal destroyed: This buildOwn metal lost: This build
1:0038300
2:0091500
3:00165100
4:00314300
5:00484800
6:00580000
7:00722700
8:00906100
9:001116900
10:001350200
11:001623900
12:001965200
13:002344100
14:0027357074
15:003153885130
WHAT THE NUMBERS SAY

Standard Tech play barely fights at all early, instead pouring metal into T2 infrastructure and constructors for the team.

  • + Metal produced hits 31679 by 15:00, by far the highest of any role here.
  • + T2 factory reached in 97% of games by 4:15, fastest and most reliable T2 timing.
  • − Enemy metal destroyed stays at 0 through 10:00, no early offense at all.
  • − Own metal lost also near 0, showing total avoidance of combat risk.
THE EXAMPLE YOU ARE READING

KingSizeCondom

34.6 OS · 15/08/2026

Open source match ↗

2 received units · includes a constructor
3091 metal received · 99447 energy received

Allied construction assistance is unknown. Timings are observations, not a promise of solo reproducibility.

Typical milestones

Bot Lab1:18Middle 50%: 1:13–1:32 · n=1868
Advanced Bot Lab4:16Middle 50%: 4:04–4:30 · n=1861
Advanced Metal Extractor5:29Middle 50%: 5:06–5:59 · n=1864

Played most by

Amrissa93games of this buildTheGeneraI66games of this buildAdeus57games of this buildEl_Turco56games of this buildKOT_43games of this build